 Dungeon Crawl Stone Soup version 0.31-a0-177-g4aa6249778 (webtiles) character file.

Game seed: 4518813451875785303

1358 qw the Skirmisher (level 8, -2/74 HPs)
             Began as a Naga Hunter on June 18, 2023.
             Slain by a killer bee (5 damage)
             ... on level 7 of the Dungeon.
             The game lasted 00:01:57 (5320 turns).

qw the Skirmisher (Naga Hunter)                     Turns: 5320, Time: 00:01:58

Health: -2/74      AC:  7    Str: 14    XL:     8   Next: 64%
Magic:  8/8        EV: 10    Int: 10    God:
Gold:   308        SH:  0    Dex: 16    Spells: 7/7 levels left

rFire   . . .        Y - +0 shortbow
rCold   . . .        (shield currently unavailable)
rNeg    . . .        c - +0 leather armour
rPois   +            d - +2 hat
rElec   .            e - +0 cloak
rCorr   .            (no gloves)
SInv    +            (no barding)
Will    +....        (no amulet)
Stlth   ++           (no ring)
HPRegen 0.32/turn    (no ring)
MPRegen 0.11/turn

%: no passive effects
@: short of breath, very slow
A: AC +2, large, see invisible, deformed body, poison resistance, slowness 2,
spit poison 1, naga tail 1, screaming 1
a: Spit Poison


You were on level 7 of the Dungeon.
You visited 1 branch of the dungeon, and saw 7 of its levels.

You collected 332 gold pieces.
You spent 24 gold pieces at shops.


Innate Abilities, Weirdness & Mutations

Your serpentine skin is tough. (AC +2)
You have supernaturally acute eyesight. (SInv)
Armour fits poorly on your strangely shaped body.
Your system is resistant to poisons. (rPois)
You cover ground very slowly.
You can spit poison.
You have a snake-like lower body.
You occasionally shout uncontrollably at your foes.


   Skills:
 - Level 5.1 Fighting
 - Level 9.0 Ranged Weapons
 + Level 0.0 Armour
 - Level 2.1 Dodging
 - Level 1.5 Stealth


You had 7 spell levels left.
You didn't know any spells.
Your spell library was empty.

Inventory:

Hand Weapons
 Y - a +0 shortbow (weapon)
Armour
 c - a +0 leather armour (worn)
 d - a +2 hat (worn)
 e - a +0 cloak (worn)
Jewellery
 m - the ring "Borhauxi" {rC- rN+++ MP+9 Str+3 SInv}
   (You found it on level 4 of the Dungeon)

   [ring of magical power]

   Str:       It affects your strength (+3).
   rC:        It makes you vulnerable to cold.
   rN:        It renders you almost immune to negative energy.
   MP:        It affects your magic capacity (+9).
   SInv:      It lets you see invisible.
Scrolls
 a - 2 scrolls of identify
Potions
 b - a potion of degeneration {unknown}
 f - a potion of curing
 g - 3 potions of might
 h - a potion of mutation
 i - a potion of brilliance {unknown}
 k - a potion of resistance {unknown}

Dungeon Overview and Level Annotations

Branches:
Dungeon (7/15)             Temple (0/1) D:7

Altars:
Kikubaaqudgha
Makhleb
Xom
The Shining One

Shops:
D:2 ?

Portals:
Abyss: D:5

Annotations:
D:5 2 transporters, qw's ghost, novice GrFi


Message History

The killer bee stings you.
The killer bee stings you but does no damage.
The killer bee closely misses you. The killer bee barely misses you.
You shoot an arrow. The arrow hits the killer bee.
The killer bee is severely wounded.
The killer bee stings you but does no damage.
The killer bee stings you. x2; The killer bee misses you.
5315 ||| DRINKING potion of heal wounds.
You feel much better.
The killer bee stings you but does no damage.
The killer bee stings you. The killer bee closely misses you.
The killer bee stings you but does no damage.
You shoot an arrow.
The arrow hits the killer bee but does no damage.
The killer bee is almost dead.
You kill the killer bee!
The killer bee closely misses you. The killer bee barely misses you.
The killer bee stings you.
Your Ranged Weapons skill increases to level 9!
You shoot an arrow. The arrow hits the killer bee.
The killer bee is moderately wounded.
The killer bee stings you. The killer bee stings you!
The killer bee barely misses you. The killer bee stings you!
You shoot an arrow. The arrow hits the killer bee!
The killer bee is almost dead.
You have got your breath back.
The killer bee stings you.
The killer bee stings you but does no damage.
The killer bee closely misses you. The killer bee stings you!
The killer bee completely misses you. The killer bee closely misses you.
5319 ||| INVOKING Spit Poison.
Aiming: Spit Poison (1% risk of failure)
Press: ? - help, Shift-Dir - straight line, f/p - killer bee The splash of poison misses the killer bee.
The killer bee stings you. The killer bee barely misses you.
The killer bee stings you. The killer bee stings you!
You shoot an arrow. The arrow hits the killer bee.
You kill the killer bee!
The killer bee stings you.
You die...

....#.#########.######
..#.#.........#....#..
...................#.#
..................#.#
.................#.#
#..............#.#
#......##....#.#.#
#......##....#.#.#
#@##...##.####.#.#
>....yy.##......#
#.#.#
..#P.############ #.#
# ## #.#.# #.#.# #.#.#
#.#.# #.#.# #.#.#


You could see 2 killer bees.

Vanquished Creatures
  An ice beast (D:6)
  A black bear (D:6)
  An ogre (D:5)
  2 phantoms
  A kobold brigand (D:6)
  2 scorpions
  3 killer bees (D:7)
  A jelly (D:6)
  2 hounds
  A sleepcap (D:5)
  3 iron imps (D:3)
  A gnoll bouda (D:6)
  An iguana (D:4)
  7 orc wizards
  5 gnolls (D:6)
  5 adders
  A shadow imp (D:6)
  2 white imps
  2 ufetubi
  A worm (D:2)
  2 dart slugs
  17 orcs
  12 ball pythons
  8 endoplasms
  3 giant cockroaches
  6 goblins
  6 hobgoblins
  2 jackals (D:3)
  10 kobolds
  4 quokkas
  5 bats
  3 rats
121 creatures vanquished.

Vanquished Creatures (others)
  An orc (D:4)
  2 hobgoblins (D:4)
3 creatures vanquished.

Grand Total: 124 creatures vanquished

Notes
Turn   | Place    | Note
-------+----------+-------------------------------------------
     0 | D:1      | qw the Naga Hunter began the quest for the Orb.
     0 | D:1      | Reached XP level 1. HP: 19/19 MP: 1/1
     0 | D:1      | 0 ||| qw: Version: 0.3-a-7-ge0c9b40
     0 | D:1      | 0 ||| qw: Game counter: 818
     0 | D:1      | 0 ||| qw: Always use a shield: true
     0 | D:1      | 0 ||| qw: God list: Okawaru
     0 | D:1      | 0 ||| qw: Allow faded altars: false
     0 | D:1      | 0 ||| qw: Do Orc after D:15 true
     0 | D:1      | 0 ||| qw: Do second Lair branch before Depths: true
     0 | D:1      | 0 ||| qw: Lair rune preference: random
     0 | D:1      | 0 ||| qw: Plans: Normal
     0 | D:1      | 0 ||| PLANNING D:1-11
    32 | D:1      | 32 ||| INVOKING Spit Poison.
    74 | D:1      | 74 ||| INVOKING Spit Poison.
   103 | D:1      | 103 ||| INVOKING Spit Poison.
   255 | D:1      | 255 ||| INVOKING Spit Poison.
   264 | D:1      | 264 ||| INVOKING Spit Poison.
   415 | D:1      | 415 ||| INVOKING Spit Poison.
   416 | D:1      | Reached skill level 4 in Ranged Weapons
   416 | D:1      | Reached XP level 2. HP: 26/26 MP: 2/2
   420 | D:1      | 420 ||| INVOKING Spit Poison.
   428 | D:1      | 428 ||| INVOKING Spit Poison.
   519 | D:1      | 519 ||| INVOKING Spit Poison.
   526 | D:1      | 526 ||| INVOKING Spit Poison.
   554 | D:1      | 554 ||| INVOKING Spit Poison.
   741 | D:1      | 741 ||| INVOKING Spit Poison.
  1000 | D:1      | 1000 ||| UPGRADING to +2 hat.
  1005 | D:1      | 1005 ||| DROPPING ring of magical power.
  1006 | D:1      | 1006 ||| READING scroll labelled ZIEVUM OSMABOS.
  1007 | D:1      | 1007 ||| READING scroll labelled KAOZ ZUOGYCEMU.
  1008 | D:1      | 1008 ||| DROPPING scroll of butterflies.
  1072 | D:2      | 1072 ||| INVOKING Spit Poison.
  1076 | D:2      | 1076 ||| INVOKING Spit Poison.
  1110 | D:2      | 1110 ||| INVOKING Spit Poison.
  1116 | D:2      | 1116 ||| INVOKING Spit Poison.
  1227 | D:2      | Reached XP level 3. HP: 32/32 MP: 3/3
  1241 | D:2      | Found Iviruaph's Magic Scroll Shop.
  1246 | D:2      | 1246 ||| SHOPLISTING scroll of acquirement (624 gold, have
                  | 42).
  1246 | D:2      | 1246 ||| BUYING scroll of identify (24 gold).
  1246 | D:2      | Bought a scroll of identify for 24 gold pieces
  1246 | D:2      | 1246 ||| SHOPLISTING scroll of identify (24 gold, have 18).
  1246 | D:2      | 1246 ||| SHOPLISTING scroll of teleportation (36 gold, have
                  | 18).
  1302 | D:2      | Found a glowing golden altar of the Shining One.
  1317 | D:2      | 1317 ||| INVOKING Spit Poison.
  1387 | D:2      | 1387 ||| INVOKING Spit Poison.
  1452 | D:2      | 1452 ||| INVOKING Spit Poison.
  1470 | D:2      | 1470 ||| INVOKING Spit Poison.
  1551 | D:2      | 1551 ||| INVOKING Spit Poison.
  1555 | D:2      | 1555 ||| INVOKING Spit Poison.
  1668 | D:2      | Found a faded altar of an unknown god.
  1671 | D:2      | 1671 ||| READING scroll labelled CUYTOYPPA.
  1808 | D:2      | 1808 ||| INVOKING Spit Poison.
  1845 | D:2      | 1845 ||| READING scroll labelled PUSIYF XUOPRUD.
  1846 | D:2      | 1846 ||| READING 2 scrolls of identify.
  1846 | D:2      | 1846 ||| IDENTIFYING inky potion
  1847 | D:2      | 1847 ||| DROPPING potion of magic.
  1968 | D:3      | 1968 ||| INVOKING Spit Poison.
  1973 | D:3      | 1973 ||| INVOKING Spit Poison.
  1993 | D:3      | 1993 ||| INVOKING Spit Poison.
  2145 | D:3      | 2145 ||| INVOKING Spit Poison.
  2150 | D:3      | 2150 ||| INVOKING Spit Poison.
  2316 | D:3      | 2316 ||| INVOKING Spit Poison.
  2349 | D:3      | 2349 ||| INVOKING Spit Poison.
  2351 | D:3      | Reached skill level 5 in Ranged Weapons
  2351 | D:3      | Reached XP level 4. HP: 39/39 MP: 4/4
  2360 | D:3      | 2360 ||| INVOKING Spit Poison.
  2366 | D:3      | 2366 ||| INVOKING Spit Poison.
  2409 | D:3      | 2409 ||| INVOKING Spit Poison.
  2436 | D:3      | 2436 ||| INVOKING Spit Poison.
  2661 | D:3      | Found a burning altar of Makhleb.
  2695 | D:3      | Reached skill level 3 in Fighting
  2695 | D:3      | Reached XP level 5. HP: 49/49 MP: 5/5
  2901 | D:3      | 2901 ||| UPGRADING to +0 cloak.
  2906 | D:3      | 2906 ||| READING 2 scrolls labelled PETENI AWKEU.
  2907 | D:3      | 2907 ||| DRINKING 2 murky brown potions.
  2908 | D:3      | 2908 ||| READING 2 scrolls of identify.
  2908 | D:3      | 2908 ||| IDENTIFYING brown potion
  2909 | D:3      | 2909 ||| DROPPING scroll of vulnerability.
  2931 | D:4      | 2931 ||| INVOKING Spit Poison.
  2949 | D:4      | 2949 ||| INVOKING Spit Poison.
  2952 | D:4      | 2952 ||| INVOKING Spit Poison.
  2975 | D:4      | 2975 ||| INVOKING Spit Poison.
  3016 | D:4      | Identified the +5 whip of Spite {holy, Will+}
  3092 | D:4      | 3092 ||| INVOKING Spit Poison.
  3096 | D:4      | 3096 ||| INVOKING Spit Poison.
  3166 | D:4      | 3166 ||| INVOKING Spit Poison.
  3179 | D:4      | 3179 ||| INVOKING Spit Poison.
  3201 | D:4      | 3201 ||| INVOKING Spit Poison.
  3203 | D:4      | Reached skill level 6 in Ranged Weapons
  3203 | D:4      | Reached XP level 6. HP: 56/56 MP: 6/6
  3240 | D:4      | 3240 ||| INVOKING Spit Poison.
  3262 | D:4      | 3262 ||| INVOKING Spit Poison.
  3266 | D:4      | 3266 ||| INVOKING Spit Poison.
  3307 | D:4      | 3307 ||| INVOKING Spit Poison.
  3361 | D:4      | Identified the ring "Borhauxi" {rC- rN+++ MP+9 Str+3 SInv}
  3365 | D:4      | Found a shimmering altar of Xom.
  3367 | D:4      | 3367 ||| INVOKING Spit Poison.
  3369 | D:4      | 3369 ||| Stepping ~*~*~tactically~*~*~ (outnumbered).
  3370 | D:4      | 3370 ||| INVOKING Spit Poison.
  3377 | D:4      | 3377 ||| Stepping ~*~*~tactically~*~*~ (outnumbered).
  3390 | D:4      | 3390 ||| INVOKING Spit Poison.
  3393 | D:4      | 3393 ||| INVOKING Spit Poison.
  3396 | D:4      | 3396 ||| INVOKING Spit Poison.
  3401 | D:4      | 3401 ||| INVOKING Spit Poison.
  3480 | D:4      | 3480 ||| INVOKING Spit Poison.
  3586 | D:4      | 3586 ||| READING scroll labelled JEFIFA XULANA.
  3587 | D:4      | 3587 ||| READING scroll labelled OMPAPL TIGA.
  3588 | D:4      | 3588 ||| DRINKING 2 lumpy grey potions.
  3588 | D:4      | Gained mutation: You occasionally shout uncontrollably at
                  | your foes. [potion of mutation]
  3589 | D:4      | 3589 ||| DRINKING 2 green potions.
  3617 | D:5      | Entered Level 5 of the Dungeon
  3618 | D:5      | 3618 ||| INVOKING Spit Poison.
  3622 | D:5      | 3622 ||| STAIRDANCE
  3624 | D:4      | 3624 ||| INVOKING Spit Poison.
  3628 | D:4      | Reached XP level 7. HP: 33/64 MP: 7/7
  3754 | D:5      | Noticed a small abomination
  3772 | D:5      | Found a transporter.
  3776 | D:5      | 3776 ||| INVOKING Spit Poison.
  3783 | D:5      | 3783 ||| INVOKING Spit Poison.
  3839 | D:5      | 3839 ||| INVOKING Spit Poison.
  3845 | D:5      | 3845 ||| Stepping ~*~*~tactically~*~*~ (outnumbered).
  3846 | D:5      | 3846 ||| INVOKING Spit Poison.
  3849 | D:5      | 3849 ||| INVOKING Spit Poison.
  3851 | D:5      | Reached skill level 7 in Ranged Weapons
  3852 | D:5      | 3852 ||| INVOKING Spit Poison.
  3859 | D:5      | 3859 ||| INVOKING Spit Poison.
  3960 | D:5      | Found a transporter.
  3960 | D:5      | Found a one-way gate to the infinite horrors of the Abyss.
  3960 | D:5      | Noticed qw's ghost (novice GrFi)
  3986 | D:5      | 3986 ||| INVOKING Spit Poison.
  3989 | D:5      | 3989 ||| INVOKING Spit Poison.
  4003 | D:5      | 4003 ||| INVOKING Spit Poison.
  4078 | D:5      | 4078 ||| INVOKING Spit Poison.
  4081 | D:5      | 4081 ||| INVOKING Spit Poison.
  4088 | D:5      | 4088 ||| INVOKING Spit Poison.
  4246 | D:5      | 4246 ||| INVOKING Spit Poison.
  4432 | D:5      | 4432 ||| READING 3 scrolls labelled TECWIE GECOUF JICA.
  4433 | D:5      | 4433 ||| DROPPING 2 scrolls of amnesia.
  4482 | D:6      | 4482 ||| INVOKING Spit Poison.
  4486 | D:6      | 4486 ||| INVOKING Spit Poison.
  4488 | D:6      | Reached skill level 8 in Ranged Weapons
  4488 | D:6      | Reached XP level 8. HP: 70/72 MP: 8/8
  4510 | D:6      | 4510 ||| INVOKING Spit Poison.
  4513 | D:6      | 4513 ||| INVOKING Spit Poison.
  4518 | D:6      | 4518 ||| INVOKING Spit Poison.
  4525 | D:6      | 4525 ||| INVOKING Spit Poison.
  4531 | D:6      | 4531 ||| INVOKING Spit Poison.
  4534 | D:6      | 4534 ||| INVOKING Spit Poison.
  4683 | D:6      | 4683 ||| INVOKING Spit Poison.
  4687 | D:6      | 4687 ||| INVOKING Spit Poison.
  4693 | D:6      | 4693 ||| INVOKING Spit Poison.
  4823 | D:6      | 4823 ||| INVOKING Spit Poison.
  4826 | D:6      | 4826 ||| INVOKING Spit Poison.
  4830 | D:6      | 4830 ||| INVOKING Spit Poison.
  4833 | D:6      | 4833 ||| INVOKING Spit Poison.
  4839 | D:6      | 4839 ||| INVOKING Spit Poison.
  4844 | D:6      | 4844 ||| INVOKING Spit Poison.
  4920 | D:6      | 4920 ||| INVOKING Spit Poison.
  4980 | D:6      | 4980 ||| INVOKING Spit Poison.
  5050 | D:6      | Found an ancient bone altar of Kikubaaqudgha.
  5187 | D:6      | 5187 ||| DRINKING 2 red potions.
  5188 | D:6      | 5188 ||| DROPPING potion of attraction.
  5302 | D:7      | Found a staircase to the Ecumenical Temple.
  5303 | D:7      | 5303 ||| PLANNING TEMPLE
  5303 | D:7      | 5303 ||| INVOKING Spit Poison.
  5306 | D:7      | 5306 ||| INVOKING Spit Poison.
  5312 | D:7      | 5312 ||| INVOKING Spit Poison.
  5314 | D:7      | HP: 16/74 [killer bee (3)]
  5315 | D:7      | 5315 ||| DRINKING potion of heal wounds.
  5317 | D:7      | Reached skill level 9 in Ranged Weapons
  5319 | D:7      | 5319 ||| INVOKING Spit Poison.
  5319 | D:7      | HP: 11/74 [killer bee (1)]
  5319 | D:7      | HP: 3/74 [killer bee (7)]
  5320 | D:7      | Slain by a killer bee

Levels and vault maps discovered:
D:1:      eino_arrival_cavern_c, layout_basic, chequers_serial_rivers_micro_a,
          roderic_serpentine_path
D:2:      layout_loops_corners, serial_shops, shop, basic_altar, serial_glass,
          glass_columns_b, glass_columns_b, nicolae_ecumenical_lake_church
D:3:      layout_basic, demons_altar, minmay_surrounded
D:4:      layout_loops_ring, xom_confusion_cloud, minmay_bisected
D:5:      layout_cave_pools, gammafunk_ghost_abyssal_escape, water_maze_lemuel
D:6:      layout_basic, old_standard_altar
D:7:      layout_basic, minmay_temple_entry_gardened_gates

Skill      XL: |  1  2  3  4  5  6  7  8 |
---------------+-------------------------+-----
Ranged Weapons | 4 5 6 8 9 |  9.0
Fighting       | 3 4 5 |  5.1
Dodging        | 2 |  2.1
Stealth        | |  1.5

Action                     |  1- 3 |  4- 6 |  7- 9 || total
---------------------------+-------+-------+-------++-------
   Fire: Shortbow          |    34 |   148 |   178 ||   360
Ability: Spit Poison       |    30 |    26 |    37 ||    93
    Use: Scroll            |     5 |     4 |     1 ||    10
         Potion            |       |     3 |     2 ||     5
 Armour: Leather armour    |     2 |    14 |    61 ||    77
  Dodge: Dodged            |     4 |    20 |    85 ||   109

Table legend:
 A = Non-vault XP
 B = Vault XP
 C = Vault XP percentage of total XP
 D = Non-vault monster count
 E = Vault monster count
 F = Vault count percentage of total count
                 A         B        C        D         E       F
            +---------+---------+-------+---------+---------+-------
      Total |    1725 |     277 |  13.8 |     103 |      18 |  14.9
            +---------+---------+-------+---------+---------+-------
        D:1 |      26 |       0 |   0.0 |      13 |       0 |   0.0
        D:2 |      35 |       0 |   0.0 |      12 |       0 |   0.0
        D:3 |      43 |     128 |  74.9 |      15 |       6 |  28.6
        D:4 |     263 |     149 |  36.2 |      21 |      12 |  36.4
        D:5 |     521 |       0 |   0.0 |      16 |       0 |   0.0
        D:6 |     656 |       0 |   0.0 |      23 |       0 |   0.0
        D:7 |     181 |       0 |   0.0 |       3 |       0 |   0.0
            +---------+---------+-------+---------+---------+-------
